 Dungeon Crawl Stone Soup version 0.31.0-9-g3a7656b989 (webtiles) character file.

Game seed: 3353638078715052747

692 qw the Shooter (level 7, -4/35 HPs)
             Began as a Spriggan Hunter on Feb 2, 2024.
             Was a Believer of Okawaru.
             Slain by a gnoll sergeant
             ... wielding a +0 spear
              (10 damage)
             ... on level 5 of the Dungeon.
             The game lasted 00:00:17 (3058 turns).

qw the Shooter (Spriggan Hunter)                    Turns: 3058, Time: 00:00:18

Health: -4/35      AC:  5    Str:  7    XL:     7   Next: 36%
Magic:  10/10      EV: 21    Int: 11    God:    Okawaru [**....]
Gold:   280        SH:  0    Dex: 20    Spells: 6/6 levels left

rFire   . . .        a - +0 shortbow
rCold   . . .        (shield currently unavailable)
rNeg    + . .        c - +0 robe
rPois   .            (helmet restricted)
rElec   .            i - +2 cloak
rCorr   .            (gloves unavailable)
SInv    +            (boots unavailable)
Will    +....        (no amulet)
Stlth   ++           j - ring of positive energy
HPRegen 0.25/turn    (no ring)
MPRegen 0.12/turn

%: no passive effects
@: very quick
A: very small, no large weapons, unfitting armour, see invisible, speed 3
a: Renounce Religion, Heroism


You were on level 5 of the Dungeon.
You worshipped Okawaru.
Okawaru was pleased with you.
You visited 2 branches of the dungeon, and saw 6 of its levels.

You collected 280 gold pieces.


Innate Abilities, Weirdness & Mutations

You are very small and have problems with some larger weapons.
You are too small for most types of armour.
You have supernaturally acute eyesight. (SInv)
You cover ground extremely quickly. (Speed+++)


   Skills:
 - Level 2.0 Fighting
 - Level 7.0 Ranged Weapons
 + Level 6.1 Dodging
 - Level 1.5 Stealth
 + Level 3.3 Invocations


You had 6 spell levels left.
You didn't know any spells.
Your spell library was empty.

Inventory:

Hand Weapons
 a - a +0 shortbow (weapon)
Armour
 c - a +0 robe (worn)
 i - a +2 cloak (worn)
Jewellery
 j - a ring of positive energy (left hand)
Scrolls
 b - a scroll of poison {unknown}
Potions
 d - a potion of enlightenment {unknown}
 e - a potion of resistance
 f - a potion of haste {unknown}
 h - a potion of brilliance {unknown}

Dungeon Overview and Level Annotations

Branches:
Dungeon (5/15)             Temple (1/1) D:4

Altars:
Ashenzari
Cheibriados
Dithmenos
Elyvilon
Gozag
Kikubaaqudgha
Makhleb
Nemelex Xobeh
Okawaru
Qazlal
Ru
Sif Muna
Trog
Uskayaw
Vehumet
Wu Jian
Xom
Yredelemnul
Zin
The Shining One

Annotations:
D:5 3 runed translucent doors, qw's ghost, novice DEHu


Message History

The gnoll is lightly wounded.
The gnoll sergeant misses you. The gnoll completely misses you.
The gnoll closely misses you.
You shoot an arrow. The arrow hits the gnoll.
The gnoll is moderately wounded.
The gnoll completely misses you. x2
The gnoll sergeant completely misses you.
You shoot an arrow. The arrow hits the gnoll.
The gnoll is severely wounded.
The gnoll barely misses you. The gnoll misses you.
The gnoll sergeant hits you from afar with a +0 spear.
You shoot an arrow. The arrow hits the gnoll.
You kill the gnoll!
Okawaru accepts your kill.
The gnoll sergeant completely misses you.
The gnoll completely misses you.
You shoot an arrow.
The arrow barely misses the gnoll sergeant.
The gnoll sergeant hits you from afar with a +0 spear!
The gnoll misses you.
You shoot an arrow.
The arrow barely misses the gnoll sergeant.
The gnoll completely misses you.
The gnoll sergeant hits you but does no damage.
You shoot an arrow.
The arrow completely misses the gnoll sergeant.
The gnoll hits you from afar with a +0 spear.
The gnoll sergeant completely misses you.
You shoot an arrow. The arrow hits the gnoll sergeant!
The gnoll sergeant is severely wounded.
The gnoll closely misses you. The gnoll sergeant misses you.
You shoot an arrow.
The arrow barely misses the gnoll sergeant.
The gnoll sergeant misses you. The gnoll barely misses you.
You shoot an arrow.
The arrow hits the gnoll sergeant but does no damage.
The gnoll sergeant is severely wounded.
The gnoll barely misses you. The gnoll sergeant closely misses you.
The gnoll sergeant hits you from afar with a +0 spear!
You die...

....##+####
#..........
.#+#####..........
#.................
#....>...#....... ....
#.......+g.).... #.KK#
#.......#.g.....
.#K#KK#.(.....@)......
#..K#K#....%.#.....##.
..KWK##..#............
#+++##.###...........#
.....................=
.....#...............
... #............... .
#.............#.
##.....(........


You could see a gnoll sergeant and a gnoll.

Vanquished Creatures
  2 black bears
  2 scorpions (D:4)
  A jelly (D:4)
  An orc priest (D:4)
  A bombardier beetle (D:4)
  3 iguanas
  A hound zombie (D:2)
  5 adders
  4 gnolls (D:5)
  2 adder skeletons (D:2)
  An adder zombie (D:2)
  A ribbon worm (D:2)
  4 dart slugs
  13 orcs
  7 bats
  2 bat skeletons (D:2)
  A bat zombie (D:2)
  7 endoplasms
  3 giant cockroaches
  6 goblins
  3 hobgoblins
  2 jackals (D:1)
  6 quokkas
  11 ball pythons
  A ball python zombie (D:2)
  2 frilled lizards
  A jackal zombie (D:2)
  8 kobolds
  8 rats
109 creatures vanquished.

Notes
Turn   | Place    | Note
-------+----------+-------------------------------------------
     0 | D:1      | qw the Spriggan Hunter began the quest for the Orb.
     0 | D:1      | Reached XP level 1. HP: 10/10 MP: 2/2
     0 | D:1      | 0 ||| qw: Version: 0.3-a-155-g5e7d8dd
     0 | D:1      | 0 ||| qw: Game counter: 1888
     0 | D:1      | 0 ||| qw: Melee chars always use a shield: true
     0 | D:1      | 0 ||| qw: God list: Okawaru
     0 | D:1      | 0 ||| qw: Allow faded altars: false
     0 | D:1      | 0 ||| qw: Do Orc after clearing Dungeon:15 true
     0 | D:1      | 0 ||| qw: Do second Lair branch before Depths: true
     0 | D:1      | 0 ||| qw: Lair rune preference: random
     0 | D:1      | 0 ||| qw: Goals: Normal
     0 | D:1      | 0 ||| PLANNING D:1-11
    69 | D:1      | Reached skill level 3 in Dodging
   122 | D:1      | Reached XP level 2. HP: 14/14 MP: 3/3
   336 | D:1      | Reached XP level 3. HP: 18/18 MP: 4/4
   676 | D:1      | 676 ||| UPGRADING to +0 cloak.
   681 | D:1      | 681 ||| UPGRADING to ring of positive energy.
   682 | D:1      | 682 ||| READING 2 scrolls labelled QIPHUR JIDUORR.
   687 | D:1      | 687 ||| READING scroll labelled IMNIQE ZEICA.
   788 | D:1      | 788 ||| READING 2 scrolls labelled KOIDAU LEICWO.
   789 | D:1      | 789 ||| READING scroll labelled XOPRICRUTIE.
   890 | D:1      | 890 ||| DROPPING scroll of butterflies.
   891 | D:1      | 891 ||| DROPPING scroll of noise.
   967 | D:2      | Reached skill level 5 in Ranged Weapons
   984 | D:2      | Reached XP level 4. HP: 19/22 MP: 5/5
  1035 | D:2      | Found a shimmering blue altar of Sif Muna.
  1199 | D:2      | 1199 ||| UPGRADING to +1 cloak.
  1209 | D:2      | 1209 ||| DROPPING +0 cloak.
  1497 | D:3      | Found a faded altar of an unknown god.
  1822 | D:3      | 1822 ||| READING scroll labelled OLYNU UFAJON.
  1823 | D:3      | 1823 ||| READING scroll labelled YKIHAF SESOIGYR.
  1823 | D:3      | 1823 ||| ENCHANTING +1 cloak.
  1824 | D:3      | 1824 ||| READING scroll labelled ENILLU ZAORCHETZ.
  1825 | D:3      | 1825 ||| DRINKING 2 puce potions.
  1826 | D:3      | 1826 ||| DRINKING 2 metallic orange potions.
  1827 | D:3      | 1827 ||| DRINKING 2 red potions.
  1828 | D:3      | 1828 ||| DROPPING potion of degeneration.
  1868 | D:4      | Reached XP level 5. HP: 15/26 MP: 6/6
  1948 | D:4      | Found a staircase to the Ecumenical Temple.
  1949 | D:4      | 1949 ||| PLANNING TEMPLE
  1954 | Temple   | Found a transporter.
  1954 | Temple   | Found a transporter.
  1954 | Temple   | Found a transporter.
  1954 | Temple   | Found a transporter.
  1954 | Temple   | Entered the Ecumenical Temple
  1955 | Temple   | 1955 ||| PLANNING D:1-11
  1975 | Temple   | 1975 ||| PLANNING OKAWARU WORSHIP
  1977 | Temple   | Became a worshipper of Warmaster Okawaru
  1978 | Temple   | 1978 ||| PLANNING D:1-11
  2023 | D:4      | Noticed a black bear
  2024 | D:4      | 2024 ||| RETREEEEATING.
  2026 | D:4      | 2026 ||| RETREEEEATING.
  2037 | D:4      | 2037 ||| RETREEEEATING.
  2038 | D:4      | 2038 ||| RETREEEEATING.
  2039 | D:4      | 2039 ||| RETREEEEATING.
  2040 | D:4      | 2040 ||| RETREEEEATING.
  2041 | D:4      | 2041 ||| RETREEEEATING.
  2042 | D:4      | 2042 ||| RETREEEEATING.
  2044 | D:4      | Killed a black bear
  2045 | D:4      | Reached skill level 6 in Ranged Weapons
  2055 | D:4      | HP: 6/26 [scorpion (6)]
  2056 | D:4      | 2056 ||| READING 2 scrolls of teleportation.
  2056 | D:4      | HP: 2/26 [scorpion (3)]
  2057 | D:4      | Reached * piety under Okawaru
  2058 | D:4      | Reached XP level 6. HP: 2/30 MP: 7/7
  2058 | D:4      | 2058 ||| DRINKING potion of curing.
  2058 | D:4      | 2058 ||| (to cure poison)
  2170 | D:4      | Reached skill level 6 in Dodging
  2170 | D:4      | Reached skill level 1 in Invocations
  2330 | D:4      | HP: 7/30 [poisoned by an adder]
  2331 | D:4      | 2331 ||| READING scroll of teleportation.
  2831 | D:4      | 2831 ||| READING scroll labelled EKEPSU BOABLO.
  2831 | D:4      | 2831 ||| IDENTIFYING grey potion
  2832 | D:4      | 2832 ||| DROPPING potion of ambrosia.
  2838 | D:5      | Entered Level 5 of the Dungeon
  2861 | D:5      | Reached XP level 7. HP: 23/35 MP: 9/9
  2974 | D:5      | Found a runed translucent gate.
  2975 | D:5      | Found a runed translucent gate.
  2975 | D:5      | Noticed qw's ghost (novice DEHu)
  2976 | D:5      | Found a runed translucent gate.
  2997 | D:5      | Reached skill level 7 in Ranged Weapons
  2997 | D:5      | Reached skill level 3 in Invocations
  3034 | D:5      | Reached ** piety under Okawaru
  3053 | D:5      | HP: 8/35 [gnoll sergeant/+0 spear (10)]
  3058 | D:5      | Slain by a gnoll sergeant

Levels and vault maps discovered:
D:1:      dpeg_arrival_erosion, layout_loops_cross, minmay_close_crescents
D:2:      layout_rooms, serial_undead, serial_undead_c, serial_undead_a,
          serial_undead_f, serial_undead_a, serial_undead_d, serial_undead_c,
          basic_altar
D:3:      layout_loops_cross, ebering_ecumenical_altar_box, serial_park_tiny_1
D:4:      minmay_skewed_foursquare, layout_loops_cross, temple_green
D:5:      layout_basic, serial_glass, glass_columns_c, glass_columns_b,
          gammafunk_ghost_nasty_kobolds, kennysheep_boxes
Temple:   hellmonk_temple_divided_pantheon

Skill      XL: |  1  2  3  4  5  6  7 |
---------------+----------------------+-----
Dodging        | 3 4 5 6 |  6.1
Ranged Weapons | 5 6 7 |  7.0
Fighting       | 2 |  2.0
Invocations    | 2 3 |  3.3
Stealth        | |  1.5

Action                     |  1- 3 |  4- 6 |  7- 9 || total
---------------------------+-------+-------+-------++-------
   Fire: Shortbow          |   134 |   193 |    66 ||   393
    Use: Scroll            |     4 |     6 |       ||    10
         Potion            |       |     4 |       ||     4
 Armour: Robe              |    21 |    37 |    16 ||    74
  Dodge: Dodged            |    64 |   128 |    50 ||   242

Table legend:
 A = Non-vault XP
 B = Vault XP
 C = Vault XP percentage of total XP
 D = Non-vault monster count
 E = Vault monster count
 F = Vault count percentage of total count
                 A         B        C        D         E       F
            +---------+---------+-------+---------+---------+-------
      Total |     850 |     139 |  14.1 |      92 |      17 |  15.6
            +---------+---------+-------+---------+---------+-------
        D:1 |      56 |       5 |   8.2 |      32 |       4 |  11.1
        D:2 |      27 |      46 |  63.0 |      14 |       9 |  39.1
        D:3 |      45 |       0 |   0.0 |      16 |       0 |   0.0
        D:4 |     435 |      88 |  16.8 |      21 |       4 |  16.0
        D:5 |     287 |       0 |   0.0 |       9 |       0 |   0.0
            +---------+---------+-------+---------+---------+-------
